TOP OF THE 1ST |
San Diego (WIN) Padres batting - Pitching for Texas (WIN) Rangers : RHP Alexander Neustroev
|
Pitching: RHP Alexander Neustroev
|
|
Batting: RHB Dave McBain
|
0-0: Ground out 3-1 (Groundball, 13, EV 78.1 MPH)
|
Batting: RHB Rodolfo Rivera
|
0-0: Ball 1-0: Ball 2-0: Foul Ball, location: 2F 2-1: SINGLE (Groundball, 34D, EV 97.5 MPH)
|
Batting: LHB Chad Cutler
|
0-0: Fly out, F9 (Flyball, 9LSF, EV 76.2 MPH)
|
Batting: RHB Mike MacLeod
|
0-0: Ground out U3 (Groundball, 3, EV 84.4 MPH)
|
Top of the 1st over - 0 runs, 1 hit, 0 errors, 1 left on base; San Diego (WIN) 0 - Texas (WIN) 0 |
BOTTOM OF THE 1ST |
Texas (WIN) Rangers batting - Pitching for San Diego (WIN) Padres : RHP Bryan Pitcher
|
Pitching: RHP Bryan Pitcher
|
|
Batting: LHB Brian Gray
|
0-0: Fly out, F9 (Line Drive, 9S, EV 101.2 MPH)
|
Batting: LHB Joseph Martin
|
0-0: Called Strike 0-1: Ball 1-1: Called Strike 1-2: Ground out 6-3 (Groundball, 6, EV 83.1 MPH)
|
Batting: RHB Doug Hammertime
|
0-0: Reached on error, E6 (Groundball, 56, EV 85.0 MPH)
|
Batting: LHB Gabriel Graves
|
0-0: Foul Ball, location: 2F 0-1: Ground out U3 (Groundball, 3L, EV 85.6 MPH)
|
Bottom of the 1st over - 0 runs, 0 hits, 1 error, 1 left on base; San Diego (WIN) 0 - Texas (WIN) 0 |
TOP OF THE 2ND |
San Diego (WIN) Padres batting - Pitching for Texas (WIN) Rangers : RHP Alexander Neustroev
|
Batting: LHB Hugo MacBeth
|
0-0: Ball 1-0: Foul Ball, location: 2F 1-1: Ball 2-1: Ball 3-1: Ground out 5-3 (Groundball, 56S, EV 68.1 MPH)
|
Batting: LHB Angel Mejia
|
0-0: Called Strike 0-1: Ball 1-1: Ball 2-1: Fly out, F8 (Flyball, 8LD, EV 104.4 MPH)
|
Batting: LHB Carlos Cuellar
|
0-0: Foul Ball, location: 2F 0-1: Ground out 5-3 (Groundball, 56, EV 90.0 MPH)
|
Top of the 2nd over - 0 runs, 0 hits, 0 errors, 0 left on base; San Diego (WIN) 0 - Texas (WIN) 0 |
BOTTOM OF THE 2ND |
Texas (WIN) Rangers batting - Pitching for San Diego (WIN) Padres : RHP Bryan Pitcher
|
Batting: RHB Austin Mickelson
|
0-0: Swinging Strike 0-1: Ball 1-1: Ball 2-1: Foul Ball, location: 2F 2-2: Ball 3-2: Base on Balls
|
Batting: LHB Mike Sammons
|
0-0: Ball 1-0: Foul Ball, location: 2F 1-1: Ball 2-1: Swinging Strike 2-2: Ball 3-2: Foul Ball, location: 2F 3-2: Foul Ball, location: 2F 3-2: Grounds into double play, 5-4-3 (Groundball, 56, EV 90.0 MPH)
|
Batting: RHB Adryão Anto
|
0-0: Called Strike 0-1: Called Strike 0-2: Ball 1-2: Fly out, F4 (Popup, 3D, EV 66.2 MPH)
|
Bottom of the 2nd over - 0 runs, 0 hits, 0 errors, 0 left on base; San Diego (WIN) 0 - Texas (WIN) 0 |
TOP OF THE 3RD |
San Diego (WIN) Padres batting - Pitching for Texas (WIN) Rangers : RHP Alexander Neustroev
|
Batting: RHB Wally Cangro
|
0-0: Ball 1-0: Ball 2-0: Ball 3-0: Fly out, F8 (Flyball, 8RD, EV 91.9 MPH)
|
Batting: LHB Rich Atterberry
|
0-0: Ball 1-0: Ball 2-0: Ball 3-0: Base on Balls
|
Batting: RHB Dave McBain
|
0-0: Foul Ball, location: 2F 0-1: Ground out 5-3 (Groundball, 6S, EV 83.8 MPH) Rich Atterberry to second
|
Batting: RHB Rodolfo Rivera
|
0-0: Swinging Strike 0-1: Ball Wild Pitch! Rich Atterberry to third 1-1: Called Strike 1-2: Ball 2-2: Strikes out swinging
|
Top of the 3rd over - 0 runs, 0 hits, 0 errors, 1 left on base; San Diego (WIN) 0 - Texas (WIN) 0 |
BOTTOM OF THE 3RD |
Texas (WIN) Rangers batting - Pitching for San Diego (WIN) Padres : RHP Bryan Pitcher
|
Batting: RHB Rick Concha
|
0-0: Called Strike 0-1: Swinging Strike 0-2: Ball 1-2: Strikes out swinging
|
Batting: RHB Darnell Jones
|
0-0: SINGLE (Groundball, 6D, EV 102.5 MPH)
|
Batting: LHB Brian Gray
|
Balk! Darnell Jones to second 0-0: Ball 1-0: Called Strike 1-1: Ground out 4-3 (Groundball, 13, EV 89.4 MPH) Darnell Jones to third
|
Batting: LHB Joseph Martin
|
0-0: Ball 1-0: Foul Ball, location: 2F 1-1: Ball 2-1: Swinging Strike 2-2: Ground out 4-3 (Groundball, 4M, EV 103.8 MPH)
|
Bottom of the 3rd over - 0 runs, 1 hit, 0 errors, 1 left on base; San Diego (WIN) 0 - Texas (WIN) 0 |
TOP OF THE 4TH |
San Diego (WIN) Padres batting - Pitching for Texas (WIN) Rangers : RHP Alexander Neustroev
|
Batting: LHB Chad Cutler
|
0-0: Ball 1-0: Ball 2-0: Ground out 5-3 (Groundball, 56S, EV 91.9 MPH)
|
Batting: RHB Mike MacLeod
|
0-0: Ball 1-0: Foul Ball, location: 2F 1-1: Swinging Strike 1-2: Strikes out swinging
|
Batting: LHB Hugo MacBeth
|
0-0: Foul Ball, location: 2F 0-1: Foul Ball, location: 2F 0-2: Ground out 5-3 (Groundball, 56, EV 105.6 MPH)
|
Top of the 4th over - 0 runs, 0 hits, 0 errors, 0 left on base; San Diego (WIN) 0 - Texas (WIN) 0 |
BOTTOM OF THE 4TH |
Texas (WIN) Rangers batting - Pitching for San Diego (WIN) Padres : RHP Bryan Pitcher
|
Pitching: RHP Eric Busby
|
|
Batting: RHB Doug Hammertime
|
0-0: Foul Ball, location: 2F 0-1: Ball 1-1: Ground out 5-3 (Groundball, 56, EV 101.2 MPH)
|
Batting: LHB Gabriel Graves
|
0-0: Ball 1-0: Fly out, F9 (Flyball, 9LM, EV 81.9 MPH)
|
Batting: RHB Austin Mickelson
|
0-0: Ball 1-0: Ball 2-0: Ball 3-0: Base on Balls
|
Batting: LHB Mike Sammons
|
0-0: Called Strike 0-1: Foul Ball, location: 2F 0-2: Ball 1-2: Ball 2-2: Ball 3-2: Fly out, F4 (Line Drive, 4, EV 71.9 MPH)
|
Bottom of the 4th over - 0 runs, 0 hits, 0 errors, 1 left on base; San Diego (WIN) 0 - Texas (WIN) 0 |
TOP OF THE 5TH |
San Diego (WIN) Padres batting - Pitching for Texas (WIN) Rangers : RHP Alexander Neustroev
|
Batting: LHB Angel Mejia
|
0-0: Ball 1-0: Ball 2-0: Ball 3-0: Called Strike 3-1: Base on Balls
|
Batting: LHB Carlos Cuellar
|
0-0: Ball 1-0: Called Strike 1-1: Called Strike 1-2: Grounds into double play, 4-6-3 (Groundball, 4M, EV 78.8 MPH)
|
Batting: RHB Wally Cangro
|
0-0: Called Strike 0-1: Called Strike 0-2: Ball 1-2: Strikes out looking
|
Top of the 5th over - 0 runs, 0 hits, 0 errors, 0 left on base; San Diego (WIN) 0 - Texas (WIN) 0 |
BOTTOM OF THE 5TH |
Texas (WIN) Rangers batting - Pitching for San Diego (WIN) Padres : RHP Eric Busby
|
Batting: RHB Adryão Anto
|
0-0: Foul Ball, location: 2F 0-1: Foul Ball, location: 2F 0-2: Ball 1-2: Foul Ball, location: 2F 1-2: Ball 2-2: Foul Ball, location: 2F 2-2: Strikes out swinging
|
Batting: RHB Rick Concha
|
0-0: Foul Ball, location: 2F 0-1: Ball 1-1: Foul Ball, location: 2F 1-2: Foul Ball, location: 2F 1-2: Ball 2-2: Strikes out swinging
|
Batting: RHB Darnell Jones
|
0-0: Ball 1-0: Swinging Strike 1-1: Ball 2-1: Ball 3-1: DOUBLE (Line Drive, 89D, EV 103.8 MPH)
|
Batting: LHB Brian Gray
|
0-0: Ground out 4-3 (Groundball, 4, EV 106.2 MPH)
|
Bottom of the 5th over - 0 runs, 1 hit, 0 errors, 1 left on base; San Diego (WIN) 0 - Texas (WIN) 0 |
TOP OF THE 6TH |
San Diego (WIN) Padres batting - Pitching for Texas (WIN) Rangers : RHP Alexander Neustroev
|
Batting: LHB Rich Atterberry
|
0-0: Ball 1-0: Ball 2-0: Ball 3-0: Called Strike 3-1: Base on Balls
|
Batting: RHB Dave McBain
|
0-0: Ground out 4-3 (Groundball, 4S, EV 65.0 MPH) Rich Atterberry to second
|
Batting: RHB Rodolfo Rivera
|
0-0: Called Strike 0-1: Ball 1-1: Called Strike 1-2: Strikes out swinging
|
Batting: LHB Chad Cutler
|
0-0: Called Strike 0-1: Foul Ball, location: 2F 0-2: Ball 1-2: Ball 2-2: Ball 3-2: Fly out, F7 (Flyball, 7D, EV 92.5 MPH)
|
Top of the 6th over - 0 runs, 0 hits, 0 errors, 1 left on base; San Diego (WIN) 0 - Texas (WIN) 0 |
BOTTOM OF THE 6TH |
Texas (WIN) Rangers batting - Pitching for San Diego (WIN) Padres : RHP Eric Busby
|
Batting: LHB Joseph Martin
|
0-0: Ground out 5-3 (Groundball, 56, EV 91.2 MPH)
|
Batting: RHB Doug Hammertime
|
0-0: Foul Ball, location: 2F 0-1: Ball 1-1: Ball 2-1: Foul Ball, location: 2F 2-2: Strikes out swinging
|
Pitching: RHP Jose Ramos
|
|
Batting: LHB Gabriel Graves
|
0-0: Ball 1-0: Ball 2-0: Swinging Strike 2-1: Ball 3-1: Base on Balls
|
Batting: RHB Austin Mickelson
|
0-0: Ball 1-0: Ball 2-0: Called Strike 2-1: Foul Ball, location: 2F 2-2: Strikes out swinging
|
Bottom of the 6th over - 0 runs, 0 hits, 0 errors, 1 left on base; San Diego (WIN) 0 - Texas (WIN) 0 |
TOP OF THE 7TH |
San Diego (WIN) Padres batting - Pitching for Texas (WIN) Rangers : RHP Alexander Neustroev
|
Batting: RHB Mike MacLeod
|
0-0: Foul Ball, location: 2F 0-1: Ball 1-1: Called Strike 1-2: Strikes out looking
|
Batting: LHB Hugo MacBeth
|
0-0: Ball 1-0: SINGLE (Line Drive, 7S, EV 105.0 MPH)
|
Batting: LHB Angel Mejia
|
0-0: Ball 1-0: Ground out U3 (Groundball, 3, EV 91.2 MPH) Hugo MacBeth to second
|
Batting: LHB Carlos Cuellar
|
0-0: Ball 1-0: Ball 2-0: Fly out, F9 (Flyball, 9, EV 95.6 MPH)
|
Top of the 7th over - 0 runs, 1 hit, 0 errors, 1 left on base; San Diego (WIN) 0 - Texas (WIN) 0 |
BOTTOM OF THE 7TH |
Texas (WIN) Rangers batting - Pitching for San Diego (WIN) Padres : RHP Jose Ramos
|
Batting: LHB Mike Sammons
|
0-0: Fly out, F9 (Line Drive, 9LM, EV 105.6 MPH)
|
Batting: RHB Adryão Anto
|
0-0: Ball 1-0: Fly out, F4 (Popup, 4S, EV 75.0 MPH)
|
Pinch Hitting: SHB Brace Harper
|
0-0: Foul Ball, location: 2F 0-1: Ball 1-1: Ground out 1-3 (Groundball, 34S, EV 73.8 MPH)
|
Bottom of the 7th over - 0 runs, 0 hits, 0 errors, 0 left on base; San Diego (WIN) 0 - Texas (WIN) 0 |
TOP OF THE 8TH |
San Diego (WIN) Padres batting - Pitching for Texas (WIN) Rangers : RHP Alexander Neustroev
|
Now at 3B: Brace Harper
|
|
Pinch Hitting: SHB Adam Martin
|
0-0: Called Strike 0-1: Ball 1-1: Ball 2-1: Reached on error, E4 (Groundball, 34, EV 102.5 MPH)
|
Batting: LHB Rich Atterberry
|
0-0: Ball 1-0: Foul Ball, location: 2F 1-1: Ball 2-1: Foul Ball, location: 2F 2-2: DOUBLE (Line Drive, 7LS, EV 101.2 MPH) Adam Martin to third Runner from 3rd tries for Home, SAFE, throw by LF to home
|
Batting: RHB Dave McBain
|
0-0: Fly out, F7 (Flyball, 7, EV 80.6 MPH)
|
Batting: RHB Rodolfo Rivera
|
0-0: Foul Ball, location: 2F 0-1: Ball 1-1: Ground out 5-3 (Groundball, 5, EV 108.1 MPH)
|
Batting: LHB Chad Cutler
|
0-0: Ball 1-0: Called Strike 1-1: Foul Ball, location: 2F 1-2: Strikes out swinging
|
Top of the 8th over - 1 run, 1 hit, 1 error, 1 left on base; San Diego (WIN) 1 - Texas (WIN) 0 |
BOTTOM OF THE 8TH |
Texas (WIN) Rangers batting - Pitching for San Diego (WIN) Padres : RHP Jose Ramos
|
Now in RF: Adam Martin
|
|
Batting: RHB Darnell Jones
|
0-0: Ball 1-0: Ball 2-0: SINGLE (Groundball, 34D, EV 98.1 MPH)
|
Pitching: LHP Ismael Diaz
|
|
Pinch Hitting: RHB Jose Leon
|
0-0: Fly out, F7 (Flyball, 78M, EV 97.5 MPH)
|
Batting: LHB Joseph Martin
|
0-0: Ball 1-0: Ball 2-0: Ball 3-0: Called Strike 3-1: Ball Darnell Jones to second
|
Batting: RHB Doug Hammertime
|
0-0: Ball Wild Pitch! Darnell Jones to third Joseph Martin to second 1-0: Ball 2-0: Ball 3-0: Called Strike 3-1: Base on Balls
|
Pinch Hitting: RHB Josh Ferguson
|
0-0: Ball 1-0: GRAND SLAM HOME RUN (Flyball, 7D, EV 92.5 MPH), Distance : 362 ft
|
Pitching: RHP Mike Swenson
|
|
Batting: RHB Austin Mickelson
|
0-0: Called Strike 0-1: Ball 1-1: Ball 2-1: Foul Ball, location: 2F 2-2: Foul Ball, location: 2F 2-2: Strikes out looking
|
Batting: LHB Mike Sammons
|
0-0: Foul Ball, location: 2F 0-1: Foul Ball, location: 2F 0-2: Foul Ball, location: 2F 0-2: Ball 1-2: SINGLE (Popup, 5D, EV 60.6 MPH)
|
Batting: RHB Adryão Anto
|
0-0: Ball 1-0: Ball 2-0: Ball 3-0: Called Strike 3-1: Foul Ball, location: 2F 3-2: Base on Balls Mike Sammons to second
|
Batting: SHB Brace Harper
|
0-0: Swinging Strike 0-1: Ball 1-1: Ball 2-1: Ball 3-1: Called Strike 3-2: Ground out 4-3 (Groundball, 34, EV 103.1 MPH)
|
Bottom of the 8th over - 4 runs, 3 hits, 0 errors, 2 left on base; San Diego (WIN) 1 - Texas (WIN) 4 |
TOP OF THE 9TH |
San Diego (WIN) Padres batting - Pitching for Texas (WIN) Rangers : RHP Alexander Neustroev
|
Pitching: RHP Victor Benitez
|
|
Now at 2B: Darnell Jones
|
|
Now at SS: Martin Guerrero
|
|
Now in LF: Sean Gingrich
|
|
Batting: RHB Mike MacLeod
|
0-0: Foul Ball, location: 2F 0-1: Foul Ball, location: 2F 0-2: Strikes out looking
|
Batting: LHB Hugo MacBeth
|
0-0: Foul Ball, location: 2F 0-1: Ball 1-1: Ball 2-1: Ground out 4-3 (Groundball, 4MD, EV 86.2 MPH)
|
Batting: LHB Angel Mejia
|
0-0: Swinging Strike 0-1: Swinging Strike 0-2: SINGLE (Line Drive, 89M, EV 93.8 MPH)
|
Batting: LHB Carlos Cuellar
|
0-0: Swinging Strike 0-1: Ball 1-1: Ball 2-1: Foul Ball, location: 2F 2-2: Strikes out swinging
|
Top of the 9th over - 0 runs, 1 hit, 0 errors, 1 left on base; San Diego (WIN) 1 - Texas (WIN) 4 |
|